 Dungeon Crawl Stone Soup version 0.31-a0-672-g7da72447bb (webtiles) character file.

Game seed: 15412654880197092636

450 senseless the Ducker (level 6, -18/49 HPs)
             Began as a Demonspawn Gladiator on Sept 4, 2023.
             Demolished by Menkaure (20 damage)
             ... on level 5 of the Dungeon.
             The game lasted 00:08:18 (3589 turns).

senseless the Ducker (Demonspawn Gladiator)         Turns: 3589, Time: 00:08:18

Health: -18/49     AC:  6    Str: 15    XL:     6   Next: 74%
Magic:  6/6        EV: 13    Int:  9    God:
Gold:   228        SH:  0    Dex: 16    Spells: 5/5 levels left

rFire   . . .        a - +0 long sword
rCold   + + .        (no shield)
rNeg    . . .        b - +0 leather armour
rPois   .            (helmet restricted)
rElec   .            (no cloak)
rCorr   .            (no gloves)
SInv    .            (no boots)
Will    .....        (no amulet)
Stlth   +            k - ring of protection from cold
HPRegen 0.28/turn    r - ring of protection from cold
MPRegen 0.10/turn

%: no passive effects
@: no status effects
A: antennae 1, thin metallic scales 2, foul stench 1, spiny 1
a: no special abilities


You were on level 5 of the Dungeon.
You visited 1 branch of the dungeon, and saw 5 of its levels.

You collected 228 gold pieces.

Inventory:

Hand Weapons
 a - a +0 long sword (weapon)
Missiles
 e - a javelin
Armour
 b - a +0 leather armour (worn)
 c - a +0 helmet
Jewellery
 k - a ring of protection from cold (left hand)
 r - a ring of protection from cold (right hand)
 w - a ring of resist corrosion
Talismans
 q - a beast talisman
 u - a serpent talisman
Scrolls
 f - 3 scrolls of identify {unknown}
 g - 2 scrolls of poison {unknown}
 h - a scroll of blinking {unknown}
 i - 4 scrolls of teleportation {unknown}
 j - 2 scrolls of amnesia {unknown}
 o - a scroll of acquirement {unknown}
 s - a scroll of enchant weapon {unknown}
Potions
 l - a potion of might {unknown}
 m - a potion of curing {unknown}
 n - a potion of heal wounds {unknown}
 p - a potion of haste {unknown}
 t - a potion of brilliance {unknown}
 v - a potion of cancellation {unknown}


   Skills:
 + Level 4.5 Fighting
 + Level 4.5 Long Blades
 - Level 1.7 Throwing
 + Level 4.5 Dodging


You had 5 spell levels left.
You didn't know any spells.
Your spell library contained the following spells:

 Spells                   Type           Power      Damage    Failure   Level
 Apportation              Tloc           0%         N/A       45%         1
 Olgreb's Toxic Radiance  Pois           0%         N/A       99%         4
 Alistair's Intoxication  Tmut/Pois      0%         N/A       100%        5
 Discord                  Hex            0%         N/A       100%        8
 Ignition                 Fire           0%         3d3       100%        8


Dungeon Overview and Level Annotations

Branches:
Dungeon (5/15)
 Temple: D:4-7

Altars:
Ashenzari
Gozag
Makhleb
Xom

Shops:
D:2 (

Annotations:
D:5 Menkaure


Innate Abilities, Weirdness & Mutations

You have a pair of small antennae on your head.
You are mostly covered in thin metallic scales. (AC +3)
You may rarely emit foul miasma when damaged in melee.
You are partially covered in sharp spines.


Message History

You throw a throwing net. The throwing net hits Menkaure.
Menkaure is caught in the net!
Menkaure struggles against the net.
An orc comes into view. It is wielding a +0 dagger.
The orc wizard shouts!
An orc comes into view. It is wielding a +0 hand axe.
Menkaure calls on the powers of darkness!
Your body is wracked with pain!
* * * LOW HITPOINT WARNING * * *
The orc convulses!
The orc wizard convulses!
Menkaure struggles against the net.
You hit the orc but do no damage.
The orc is heavily wounded.
The orc wizard mumbles some strange words.
The orc wizard flickers and vanishes!
Deactivating autopickup; reactivate with Ctrl-A.
The orc hits you but does no damage.
You hit the orc.
The orc is severely wounded.
Menkaure struggles against the net.
The orc hits you but does no damage. Menkaure casts a spell at you.
You barely resist.
Menkaure struggles against the net.
You closely miss the orc.
The orc is severely wounded.
You slash the orc!
You kill the orc!
Menkaure struggles against the net.
The net rips apart, and Menkaure comes free!
Menkaure giggles, "These cerements are ticklish..."
Menkaure is struck by your spines. Menkaure barely misses you.
You barely miss the orc.
The orc is severely wounded.
The orc hits you but does no damage. Menkaure hits you!
* * * LOW HITPOINT WARNING * * *
You emit a cloud of foul miasma!
You hit Menkaure.
Menkaure is moderately damaged.
Menkaure is struck by your spines. Menkaure misses you.
Menkaure is struck by your spines. Menkaure hits you!!
You die...

......# #
#.....#####
#.#.._......#
..._8_.. #.# #.._..#
#.# #.....# #.# #{o#
#.#
##.####ยง.###.####.#
#....@Mo..........#
##.#########.######
#.# #.# #.# ###.#
#...# #.### #.#


You could see Menkaure (fast) and 2 orcs.

Vanquished Creatures
  2 ogres (D:4)
  A phantom (D:4)
  A howler monkey (D:4)
  A sleepcap (D:4)
  Terence (D:3)
  7 adders
  2 dart slugs
  4 orcs
  7 ball pythons
  2 endoplasms
  4 giant cockroaches
  6 goblins
  7 hobgoblins
  2 jackals (D:3)
  4 kobolds
  2 bats
  A frilled lizard (D:2)
  5 rats
59 creatures vanquished.

Notes
Turn   | Place    | Note
-------+----------+-------------------------------------------
     0 | D:1      | senseless the Demonspawn Gladiator began the quest for the
                  | Orb.
     0 | D:1      | Reached XP level 1. HP: 16/16 MP: 1/1
   559 | D:1      | Gained mutation: You are partially covered in sharp spines.
                  | [demonic ancestry]
   559 | D:1      | Reached XP level 2. HP: 22/22 MP: 2/2
   873 | D:2      | You fall into a shaft and drop 2 floors!
   926 | D:4      | Gained mutation: You are partially covered in thin metallic
                  | scales. (AC +2) [demonic ancestry]
   926 | D:4      | Reached XP level 3. HP: 23/28 MP: 3/3
  1309 | D:2      | Found Direff's Antique Weapon Shoppe.
  1575 | D:2      | Gained mutation: You have a pair of small antennae on your
                  | head. [demonic ancestry]
  1575 | D:2      | Reached XP level 4. HP: 30/35 MP: 4/4
  2195 | D:3      | Noticed Terence
  2200 | D:3      | Killed Terence
  2883 | D:4      | Gained mutation: You are mostly covered in thin metallic
                  | scales. (AC +3) [demonic ancestry]
  2883 | D:4      | Reached XP level 5. HP: 35/41 MP: 5/5
  3008 | D:4      | Noticed a phantom
  3012 | D:4      | Noticed an ogre
  3017 | D:4      | Killed a phantom
  3038 | D:4      | Killed an ogre
  3039 | D:4      | Gained mutation: You may rarely emit foul miasma when
                  | damaged in melee. [demonic ancestry]
  3039 | D:4      | Reached XP level 6. HP: 48/48 MP: 6/6
  3521 | D:5      | Entered Level 5 of the Dungeon
  3571 | D:5      | Found a shimmering altar of Xom.
  3571 | D:5      | Found an opulent altar of Gozag.
  3571 | D:5      | Found a burning altar of Makhleb.
  3571 | D:5      | Found a broken altar of Ashenzari.
  3571 | D:5      | Noticed Menkaure
  3587 | D:5      | HP: 2/49 [Menkaure (7)]
  3589 | D:5      | Demolished by Menkaure

Illustrated notes

Levels and vault maps discovered:
D:1:      tekkud_arrival_beachfront_property, layout_basic, patterned_corridor
D:2:      layout_loops_ring, serial_shops, nicolae_shop_back_alley_shop,
          serial_park_tiny_pond, minmay_stone_trees_small, corexii_shack
D:3:      layout_basic, minmay_misc_feat_doors, uniq_terence
D:4:      layout_basic
D:5:      layout_loops_ring, chequers_temple_overflow_statue_of_worship,
          pf_guarded_unrand_woodcutter, uniq_ijyb, uniq_menkaure

Skill      XL: |  1  2  3  4  5 |
---------------+----------------+-----
Long Blades    | 3 4 |  4.5
Dodging        | 3 4 |  4.5
Fighting       | 3 4 |  4.5
Throwing       | |  1.7

Action                     |  1- 3 |  4- 6 || total
---------------------------+-------+-------++-------
  Melee: Long sword        |    77 |    68 ||   145
         Punch             |       |     1 ||     1
  Throw: Throwing net      |       |     3 ||     3
   Stab: Sleeping          |     1 |     1 ||     2
         Distracted        |     1 |       ||     1
         Held in net/web   |       |     1 ||     1
 Armour: Leather armour    |    44 |    28 ||    72
  Dodge: Dodged            |    44 |    39 ||    83

Table legend: (Time is in decaauts)
 A = Elapsed time spent in this place.
 B = Non-inter-level travel time spent in this place.
 C = Inter-level travel time spent in this place.
 D = Time resting spent in this place.
 E = Time spent auto-exploring this place.
 F = Levels seen in this place.
 G = Mean time per level.
                   A        B        C        D        E       F      G
               +--------+--------+--------+--------+--------+-----+--------+
         Total |   3619 |   3392 |    227 |      3 |   2950 |   5 |  723.8 |
       Dungeon |   3619 |   3392 |    227 |      3 |   2950 |   5 |  723.8 |
               +--------+--------+--------+--------+--------+-----+--------+

Top non-repeatable levels by time:
     D:3: 1111 daAuts
     D:4: 894 daAuts
     D:1: 804 daAuts
     D:2: 741 daAuts
     D:5: 68 daAuts
